AoeStats
← flynorc

Four Lakes

508532966Analyzed
1v1 RM · 9d ago on Sep 22, 2026· 30m 4s· 2 players
Game mode
Random Map
Map size
Tiny (2 player)
Population
200
Speed
Normal
Resources
Standard
Victory
Conquest
Starting age
Dark Age
Ending age
Imperial Age
RankedLock teamsTeams togetherTeam positionsShared explorationLock speedFull tech treeHidden civsTurbo modeCheats
Victory
Defeat
🇦🇹 Italians · Austria
1517
+12
🇦🇷 Lithuanians · Argentina
1432
-12
elpajarodelkunaguero
2:52 Loom
9:55 Feudal Age
19:06 Castle Age
21:10 Fletching
22:17 Elite Skirmisher
26:30 Bodkin Arrow
flynorc
8:42 Loom
10:36 Feudal Age
11:34 Double-Bit Axe
11:48 Fishing Lines
18:38 Castle Age
19:15 Fletching
20:08 Bow Saw
20:31 Bodkin Arrow
26:00 Wheelbarrow
29:36 Imperial Age
27:40 Ballistics
28:24 Medium Warships
28:31 Masonry
30:40 Bracer
Connection lost

Rejoining the realm…

Still unreachable

The connection could not be restored.

Session expired

The server has moved on; the page needs a fresh start.